 Dungeon Crawl Stone Soup version 0.30-a0-777-ga9a30cbeda (webtiles) character file.

Game seed: 1389021533339574343

19345 kae the Devastator (level 12, 0/59 HPs)
             Began as a Gargoyle Earth Elementalist on Feb 13, 2023.
             Was a High Priest of Vehumet.
             Slain by a six-headed hydra (1 damage)
             ... on level 2 of the Lair of Beasts.
             The game lasted 00:13:16 (14126 turns).

kae the Devastator (Gargoyle Earth Elementalist)   Turns: 14126, Time: 00:13:16

Health: 0/59       AC: 15    Str: 14    XL:     12   Next: 68%
Magic:  2/26       EV: 11    Int: 19    God:    Vehumet [*****.]
Gold:   703        SH:  0    Dex: 10    Spells: 15/31 levels left

rFire   . . .      SeeInvis .    v - staff of conjuration {!a}
rCold   . . .      Faith    .    (no shield)
rNeg    + . .      Spirit   .    H - +0 steam dragon scales
rPois   ∞          Reflect  .    (no helmet)
rElec   +          Harm     .    (no cloak)
rCorr   .          Rampage  .    J - +0 pair of gloves
Will    .....                    o - +0 pair of boots
Stlth   ++                       g - amulet of regeneration
HPRegen 1.09/turn                (no ring)
MPRegen 0.20/turn                (no ring)

@: no status effects
A: sickness immunity, AC +8, negative energy resistance 1, electricity
resistance, torment resistance 1, petrification resistance
a: Renounce Religion


You were on level 2 of the Lair of Beasts.
You worshipped Vehumet.
Vehumet was extremely pleased with you.
You visited 3 branches of the dungeon, and saw 14 of its levels.

You collected 833 gold pieces.
You spent 130 gold pieces at shops.


Innate Abilities, Weirdness & Mutations

You are immune to sickness and miasma.
Your stone body is resilient. (AC +8)
You are immune to poison.
You resist negative energy. (rN+)
You are resistant to electric shocks. (rElec)
You are resistant to unholy torment.
You are immune to petrification.


   Skills:
 - Level 1.5 Dodging
 - Level 2.1 Stealth
 + Level 10.0 Spellcasting
 * Level 15.4 Conjurations
 - Level 0.7 Transmutations
 + Level 13.0 Earth Magic


You had 15 spell levels left.
You knew the following spells:

 Your Spells              Type           Power      Damage    Failure   Level
a - Sandblast             Erth           100%       2d20      1%          1
b - Stone Arrow           Conj/Erth      100%       3d13      1%          3
c - Iron Shot             Conj/Erth      38%        9d8       1%          6
d - Petrify               Tmut/Erth      35%        N/A       4%          4
e - Passwall              Tmut/Erth      29%        N/A       1%          2

Your spell library contained the following spells:

 Spells                   Type           Power      Damage    Failure   Level
 Fulminant Prism          Conj/Hex       27%        3d14      1%          4
 Iskenderun's Mystic Bla  Conj/Tloc      55%        2d12      1%          4
 Lee's Rapid Deconstruct  Erth           28%        3d15*     1%          5
 Animate Armour           Summ/Erth      68%        N/A       4%          4
 Beastly Appendage        Tmut           24%        N/A       5%          1
 Kindle Blastsparks       Fire/Tloc/Air  18%        2d11      6%          3
 Wereblood                Tmut           12%        N/A       9%          2
 Spider Form              Tmut/Pois      10%        N/A       19%         3
 Portal Projectile        Hex/Tloc       18%        N/A       22%         3
 Tukima's Dance           Hex            9%         N/A       22%         3
 Summon Ice Beast         Ice/Summ       9%         N/A       58%         4
 Blade Hands              Tmut           6%         N/A       83%         5
 Summon Mana Viper        Hex/Summ       9%         N/A       90%         5
 Monstrous Menagerie      Summ           4%         N/A       100%        7
 Summon Hydra             Summ           4%         N/A       100%        7
 Sublimation of Blood     Necr           Unusable   N/A       N/A         2

Inventory:

Missiles
 e - 90 stones
 i - 31 poisoned darts
 j - 4 curare-tipped darts {=f}
 l - 7 silver javelins
 m - 2 throwing nets {=f!f}
 r - 6 boomerangs
 C - 5 javelins
 G - 5 atropa-tipped darts
Armour
 a - a +0 robe
 o - a +0 pair of boots (worn)
   (You found it on level 4 of the Dungeon)
 H - +0 steam dragon scales (worn)
   (You found it on level 11 of the Dungeon)
 J - a +0 pair of gloves (worn)
   (You found it on level 9 of the Dungeon)
Magical Staves
 v - a staff of conjuration (weapon) {!a}
   (You acquired it on level 8 of the Dungeon)
 I - a staff of earth {!a}
   (You found it on level 9 of the Dungeon)
Jewellery
 g - an amulet of regeneration (around neck)
   (You found it on level 8 of the Dungeon)
 A - an amulet of the acrobat
   (You found it on level 6 of the Dungeon)
 R - a ring of resist corrosion
   (You found it on level 1 of the Lair of Beasts)
Wands
 s - a wand of roots (23)
   (You found it on level 6 of the Dungeon)
 x - a wand of polymorph (6)
   (You found it on level 7 of the Dungeon)
Scrolls
 b - 3 scrolls of magic mapping {!r}
 c - 3 scrolls of vulnerability {!r!r}
 h - 3 scrolls of blinking {!r}
 k - 3 scrolls of noise {!r}
 n - a scroll of immolation {!r!r}
 q - 7 scrolls of identify {@r1}
 w - 2 scrolls of silence {!r}
 y - 7 scrolls of teleportation {@r4}
 F - a scroll of fear
 K - a scroll of summoning
 L - a scroll of enchant armour
Potions
 d - a potion of mutation {!q}
 f - 3 potions of lignification {!q}
 p - 2 potions of flight
 t - a potion of might
 u - 3 potions of curing {@q1}
 z - a potion of brilliance
 B - a potion of invisibility
 D - 2 potions of haste {@q3}
 E - 4 potions of attraction {!q}
 M - a potion of cancellation
 N - a potion of heal wounds {@q2}

Dungeon Overview and Level Annotations

Branches:
Dungeon (11/15) Zot: 24632  Temple (1/1) D:4 Zot: 5762    Lair (2/5) D:11 Zot: 10264
    Orc (0/2) D:11
  Swamp: Lair:2-3    Shoals: Lair:2-3     Snake: Lair:2-3    Spider: Lair:2-3

Altars:
Ashenzari
Cheibriados
Dithmenos
Elyvilon
Fedhas
Gozag
Hepliaklqana
Kikubaaqudgha
Makhleb
Nemelex Xobeh
Okawaru
Qazlal
Ru
Sif Muna
Trog
Uskayaw
Vehumet
Wu Jian
Xom
Yredelemnul
Zin
The Shining One

Shops:
D:4 (   D:8 !

Annotations:
D:11 2 transporters, Flippered's ghost, journeyman DrHW

###.............#..^.....
♣~#..............#.......
♣♣~.~♣.....<>..#........P
♣♣~♣♣........P#.......P~
♣.~♣♣#...#.......#...~~P ♣♣~♣
♣♣##.#.P.#...#~~~~~
#♣♣♣♣♣P~♣♣♣♣♣♣♣..##....~~~~~~
##P.PPP~~~P♣PP♣#........♣~~~≈≈
###...~~~.~.~~D@..........♣♣~~≈≈
##...♣~♣P♣~~~♣~♣♣~.<.......♣
P≈≈≈
†..##♣♣♣♣♣♣.♣♣♣♣♣♣.÷†.......♣
♣~~ #### ♣P~P♣ .............♣ P~
♣P~♣♣♣..............♣
♣♣~♣♣................♣
♣.~♣.................
..................
...............


You could see a six-headed hydra.


Message History

Aim: a yak (91% to hit)
The blast of sand hits the yak!!
The yak barely misses you.
The yak completely misses you. 😮 HP[+1] MP[-1]
You lost 1 mp, and now have 3/26 mp.
Casting: Sandblast (safe; 1% risk of failure)
Confirm with . or Enter, or press ? or * to list all spells.
Aiming: Sandblast (safe; 1% risk of failure)
Press: ? - help, Shift-Dir - straight line, f/p - yak
Aim: a yak (heavily wounded, 91% to hit)
The blast of sand misses the yak.
The yak gores you. 😮 HP[-3] MP[-1]
You take 3 damage, and now have 41/59 hp.
You lost 1 mp, and now have 2/26 mp.
Casting: Sandblast (safe; 1% risk of failure)
Confirm with . or Enter, or press ? or * to list all spells.
Aiming: Sandblast (safe; 1% risk of failure)
Press: ? - help, Shift-Dir - straight line, f/p - yak
Aim: a yak (heavily wounded, 91% to hit)
The blast of sand hits the yak!
The yak closely misses you.
The yak gores you but does no damage. 😮 HP[+1]
Casting: Sandblast (safe; 1% risk of failure)
Confirm with . or Enter, or press ? or * to list all spells.
Aiming: Sandblast (safe; 1% risk of failure)
Press: ? - help, Shift-Dir - straight line, f/p - yak
Aim: a yak (almost dead, 91% to hit)
The blast of sand hits the yak.
You kill the yak!
Vehumet accepts your kill.
You feel your power returning.
Your Earth Magic skill increases to level 13! 😮 HP[+2] MP[+2]
You regained 2 hp, and now have 44/59 hp.
You regained 2 mp, and now have 4/26 mp.
Casting: Sandblast (safe; 1% risk of failure)
Confirm with . or Enter, or press ? or * to list all spells.
You can't see any susceptible monsters within range! (Use Z to cast anyway.)
A six-headed hydra comes into view.
The six-headed hydra roars!
You see here a yak corpse. 😕 HP[+1]
A six-headed hydra is nearby! 😕 HP[+1] 😕 HP[+1] 😕 HP[+1] MP[+1] 😕 HP[+2]
You regained 2 hp, and now have 50/59 hp. 😕 HP[+1] 😕 HP[+1]
You enter the shallow water.
Moving in this stuff is going to be slow. 😕 HP[+1] 😕 HP[+2] MP[+1]
You regained 2 hp, and now have 55/59 hp. 😕 HP[+1] 😕 HP[+2]
You regained 2 hp, and now have 58/59 hp.
You enter the shallow water.
Moving in this stuff is going to be slow. 😎 HP[+1] MP[+1]
Your hp is fully restored (59).
You enter the shallow water.
Moving in this stuff is going to be slow.
The six-headed hydra closely misses you.
The six-headed hydra bites you but does no damage.
The six-headed hydra barely misses you. The six-headed hydra bites you.
The six-headed hydra completely misses you.
The six-headed hydra bites you but does no damage. 😕 HP[-4] MP[+1]
You take 4 damage, and now have 55/59 hp.
The six-headed hydra attacks as you move away!
The six-headed hydra bites you but does no damage. x2
The six-headed hydra bites you. The six-headed hydra bites you!
The six-headed hydra closely misses you.
The six-headed hydra barely misses you. x2; The six-headed hydra bites you.
The six-headed hydra barely misses you.
The six-headed hydra bites you but does no damage.
The six-headed hydra bites you!
* * * LOW HITPOINT WARNING * * *
The six-headed hydra bites you but does no damage. 😨 HP[-26]
You take 26 damage, and now have 29/59 hp.
MASSIVE DAMAGE!! (PAUSE)
Casting: Sandblast (safe; 1% risk of failure)
Confirm with . or Enter, or press ? or * to list all spells.
Aiming: Iron Shot (dangerous; 1% risk of failure)
Press: ? - help, Shift-Dir - straight line, f - six-headed hydra
Aim: a six-headed hydra (92% to hit)
You feel a surge of power!
The iron shot hits the six-headed hydra!!
The six-headed hydra bites you but does no damage.
The six-headed hydra bites you!
* * * LOW HITPOINT WARNING * * *
The six-headed hydra bites you!
* * * LOW HITPOINT WARNING * * *
The six-headed hydra bites you!
* * * LOW HITPOINT WARNING * * *
The six-headed hydra bites you.
You die...

Skill      XL: |  1  2  3  4  5  6  7  8  9 10 11 12 |
---------------+-------------------------------------+-----
Earth Magic    | 4 5 6 7 9 10 12 13 | 13.0
Spellcasting   | 3 4 5 6 8 9 10 | 10.0
Conjurations   | 2 3 4 6 8 10 12 14 15 | 15.4
Dodging        | |  1.5
Stealth        | |  2.1
Transmutations | |  0.7

Action                     |  1- 3 |  4- 6 |  7- 9 | 10-12 || total
---------------------------+-------+-------+-------+-------++-------
  Melee: Unarmed           |    62 |       |    12 |       ||    74
         Staff             |       |       |    16 |     6 ||    22
   Cast: Sandblast         |    55 |    66 |    89 |    84 ||   294
         Stone Arrow       |       |       |    56 |   126 ||   182
         Iron Shot         |       |       |       |    44 ||    44
    Use: Scroll            |     8 |     1 |     9 |     5 ||    23
         Potion            |       |       |     2 |     1 ||     3
 Armour: Robe              |    37 |    11 |    49 |    34 ||   131
         Skin              |       |       |     1 |       ||     1
         Steam dragon scal |       |       |       |    31 ||    31
  Dodge: Dodged            |    58 |    15 |    48 |    80 ||   201

Levels and vault maps discovered:
D:1:      elethiomel_arrival_quiet, layout_basic,
          hellmonk_ecumenical_altar_prayer_group
D:2:      layout_rooms
D:3:      layout_loops_ring
D:4:      layout_basic, minmay_temple_entry_overgrown, nicolae_shop_firing_range
D:5:      kennysheep_six_static_rooms, layout_basic, nicolae_uskayaw_suspiria,
          minmay_misc_feat_hallway
D:6:      layout_rooms, jmf_multi_god_temple, uniq_grinder
D:7:      layout_layer_cave
D:8:      layout_gridville, serial_shops, shop, hex_large, minmay_hedge_maze
D:9:      layout_cross
D:10:     layout_irregular_city, uniq_nergalle
D:11:     layout_loops_ring, erik_lair_dragon, orc_0_dummy, special_room
          [special_room_orc], nzn_ghost_randoct, trog_ov_bears_minmay
Temple:   nicolae_temple_bog_church
Lair:1:   layout_long_grid, minivault_11, st_stairs_5, minmay_shattered_shrine,
          serial_bayou_shore_a, uniq_urug
Lair:2:   layout_cave_pods, serial_bayou, serial_bayou_lake_a,
          serial_bayou_crossing, serial_bayou_pond_d, serial_bayou_lagoon_b

Notes
Turn   | Place    | Note
-------+----------+-------------------------------------------
     0 | D:1      | kae the Gargoyle Earth Elementalist began the quest for the
                  | Orb.
     0 | D:1      | Reached XP level 1. HP: 10/10 MP: 3/3
     0 | D:1      | magus.rc [v1.11.3]
    50 | D:1      | You pick up a book of Changes and begin reading...
    50 | D:1      | You add the spells Beastly Appendage, Wereblood and Spider
                  | Form to your library.
   267 | D:1      | Reached skill level 4 in Earth Magic
   267 | D:1      | Reached XP level 2. HP: 15/15 MP: 3/5
   954 | D:1      | Found a faded altar of an unknown god.
  1054 | D:1      | Learned a level 1 spell: Sandblast
  1200 | D:2      | Reached XP level 3. HP: 11/19 MP: 4/7
  1204 | D:2      | Learned a level 3 spell: Stone Arrow
  1207 | D:2      | Learned a level 2 spell: Passwall
  1654 | D:2      | Reached skill level 3 in Spellcasting
  2003 | D:3      | Reached XP level 4. HP: 24/24 MP: 5/8
  2151 | D:3      | Reached skill level 1 in Conjurations
  2660 | D:4      | Found Getseammij's Firing Range.
  2669 | D:4      | Reached skill level 5 in Earth Magic
  2754 | D:4      | Reached skill level 2 in Conjurations
  2754 | D:4      | Reached XP level 5. HP: 28/28 MP: 7/9
  2778 | D:4      | Learned a level 4 spell: Petrify
  2935 | D:4      | Found a staircase to the Ecumenical Temple.
  2944 | Temple   | Entered the Ecumenical Temple
  3154 | Temple   | Became a worshipper of Vehumet
  3196 | D:4      | Reached skill level 3 in Conjurations
  3256 | D:4      | Reached XP level 6. HP: 23/32 MP: 5/11
  3650 | D:5      | Entered Level 5 of the Dungeon
  3707 | D:5      | Noticed an ice beast
  3717 | D:5      | Killed an ice beast
  3718 | D:5      | Reached skill level 4 in Spellcasting
  3718 | D:5      | Reached skill level 4 in Conjurations
  3888 | D:5      | Reached skill level 6 in Earth Magic
  3888 | D:5      | Reached XP level 7. HP: 34/36 MP: 7/13
  3976 | D:5      | magus.rc [v1.11.3]
  3978 | D:5      | Reached skill level 5 in Conjurations
  3980 | D:5      | HP: 7/36 [iguana (11)]
  4143 | D:5      | You pick up a book of Weapons and begin reading...
  4143 | D:5      | You add the spells Tukima's Dance, Portal Projectile and
                  | Blade Hands to your library.
  4272 | D:5      | Found a hide-covered altar of Uskayaw.
  4292 | D:5      | Identified the +4 rapier "Goblinslayer" {heavy, Int+3
                  | Stlth+}
  4612 | D:5      | Reached skill level 6 in Conjurations
  4612 | D:5      | Reached XP level 8. HP: 41/41 MP: 5/15
  4769 | D:5      | Identified a scroll of acquirement
  4769 | D:5      | Acquired a book of Iron
  4770 | D:5      | You pick up a book of Iron and begin reading...
  4770 | D:5      | You add the spells Animate Armour and Iron Shot to your
                  | library.
  4809 | D:6      | Learned a level 6 spell: Iron Shot
  4939 | D:6      | Reached skill level 7 in Earth Magic
  5003 | D:6      | Reached * piety under Vehumet
  5003 | D:6      | Offered knowledge of Kiss of Death by Vehumet.
  5013 | D:6      | Reached skill level 5 in Spellcasting
  5165 | D:6      | Noticed Grinder
  5173 | D:6      | Killed Grinder
  5174 | D:6      | Reached skill level 7 in Conjurations
  5321 | D:6      | Reached skill level 8 in Conjurations
  5321 | D:6      | Reached XP level 9. HP: 45/45 MP: 9/17
  5341 | D:6      | Reached skill level 8 in Earth Magic
  5697 | D:6      | Found a glowing golden altar of the Shining One.
  5697 | D:6      | Found a burning altar of Makhleb.
  6214 | D:7      | Reached skill level 6 in Spellcasting
  6303 | D:7      | Reached skill level 9 in Conjurations
  6421 | D:7      | Offered knowledge of Freeze by Vehumet.
  6513 | D:7      | Reached ** piety under Vehumet
  7138 | D:8      | Acquired a staff of conjuration
  7280 | D:8      | HP: 8/45 [centaur/arrow (7)]
  7533 | D:8      | Reached skill level 9 in Earth Magic
  7679 | D:8      | Reached skill level 10 in Conjurations
  7831 | D:8      | Found Otawn's Distillery.
  7839 | D:8      | Bought a potion of haste for 130 gold pieces
  8153 | D:8      | Reached XP level 10. HP: 50/50 MP: 16/20
  8240 | D:9      | Offered knowledge of Dazzling Flash by Vehumet.
  8337 | D:9      | Reached skill level 7 in Spellcasting
  8834 | D:10     | Entered Level 10 of the Dungeon
  8931 | D:10     | Identified the +1 leather armour of Clean the Good {rF+
                  | Dex+4}
  9106 | D:10     | Reached *** piety under Vehumet
  9299 | D:10     | Reached skill level 11 in Conjurations
  9513 | D:10     | Noticed Nergalle
  9518 | D:10     | Killed Nergalle
  9519 | D:10     | Reached skill level 10 in Earth Magic
  9735 | D:10     | You pick up a book of Blood and begin reading...
 10083 | D:11     | Noticed a boulder beetle
 10083 | D:11     | Found a bloodstained altar of Trog.
 10179 | D:11     | Found a staircase to the Orcish Mines.
 10179 | D:11     | Noticed a two-headed ogre
 10181 | D:11     | Noticed Flippered's ghost (journeyman DrHW)
 10181 | D:11     | Noticed a two-headed ogre
 10182 | D:11     | Noticed a two-headed ogre
 10208 | D:11     | Noticed a cyclops
 10214 | D:11     | Noticed a deep elf pyromancer
 10215 | D:11     | Killed a boulder beetle
 10216 | D:11     | Reached skill level 8 in Spellcasting
 10216 | D:11     | Reached skill level 12 in Conjurations
 10293 | D:11     | Reached XP level 11. HP: 46/54 MP: 10/23
 10427 | D:11     | Offered knowledge of Sticky Flame by Vehumet.
 10435 | D:11     | Reached skill level 11 in Earth Magic
 10747 | D:11     | Reached skill level 13 in Conjurations
 10750 | D:11     | Noticed an orc knight
 10832 | D:11     | Killed an orc knight
 10891 | D:11     | Killed a two-headed ogre
 11036 | D:11     | Reached **** piety under Vehumet
 11137 | D:11     | Offered knowledge of Kindle Blastsparks by Vehumet.
 11247 | D:11     | You pick up a book of Blasting and begin reading...
 11247 | D:11     | You add the spells Kindle Blastsparks, Fulminant Prism,
                  | Iskenderun's Mystic Blast and Lee's Rapid Deconstruction to
                  | your library.
 11319 | D:11     | Found a staircase to the Lair.
 11558 | D:11     | Noticed a cyclops
 11563 | D:11     | Killed a cyclops
 11764 | D:11     | Found a transporter.
 11797 | D:11     | Found a transporter.
 11901 | D:11     | You pick up a book of Beasts and begin reading...
 11901 | D:11     | You add the spells Summon Ice Beast, Summon Mana Viper and
                  | Monstrous Menagerie to your library.
 11922 | D:11     | Noticed a boulder beetle
 11926 | D:11     | Killed a boulder beetle
 12050 | D:11     | Reached skill level 9 in Spellcasting
 12254 | Lair:1   | Entered Level 1 of the Lair of Beasts
 12325 | D:11     | Reached skill level 14 in Conjurations
 12325 | D:11     | HP: 12/54 [yak (4)]
 12473 | Lair:1   | Reached skill level 12 in Earth Magic
 12599 | Lair:1   | Noticed Urug
 12604 | Lair:1   | Killed Urug
 12605 | Lair:1   | Reached XP level 12. HP: 42/59 MP: 1/25
 13299 | Lair:1   | Noticed a five-headed hydra
 13303 | Lair:1   | Killed a five-headed hydra
 13522 | Lair:1   | Noticed a five-headed hydra
 13529 | Lair:1   | Killed a five-headed hydra
 13532 | Lair:1   | Reached skill level 15 in Conjurations
 13858 | Lair:1   | Reached ***** piety under Vehumet
 14105 | Lair:2   | Reached skill level 10 in Spellcasting
 14109 | Lair:2   | Reached skill level 13 in Earth Magic
 14109 | Lair:2   | Noticed a six-headed hydra
 14126 | Lair:2   | HP: 12/59 [six-headed hydra (8)]
 14126 | Lair:2   | HP: 1/59 [six-headed hydra (11)]
 14126 | Lair:2   | Slain by a six-headed hydra

Vanquished Creatures
  2 hydras (Lair:1)
  2 boulder beetles (D:11)
  Urug (Lair:1)
  Nergalle (D:10)
  A skyshark (Lair:1)
  An orc knight (D:11)
  A cyclops (D:11)
  A black mamba (Lair:2)
  2 cane toads (Lair:1)
  2 unseen horrors (D:11)
  A rime drake (Lair:1)
  4 komodo dragons
  2 trolls
  2 polar bears (D:11)
  Grinder (D:6)
  A blink frog (Lair:1)
  A wraith (D:11)
  29 yaks
  A wyvern (D:11)
  3 basilisks
  2 steam dragons
  4 vampire mosquitoes (D:11)
  4 water moccasins
  An acid dragon (D:11)
  2 sky beasts
  8 orc warriors
  3 black bears
  4 ice beasts
  3 ogres
  4 centaurs (D:8)
  A phantom (D:7)
  7 bullfrogs
  2 kobold brigands
  A gnoll sergeant (D:10)
  3 necrophages (D:6)
  3 scorpions
  3 wights (D:10)
  6 killer bees (D:10)
  3 howler monkeys
  3 hounds
  3 orc priests
  3 jellies (D:7)
  2 iguanas
  8 orc wizards
  5 gnolls (D:10)
  8 adders
  2 shadow imps (D:6)
  2 white imps
  A worm (D:3)
  4 dart slugs
  28 orcs
  A bat (D:3)
  5 endoplasms
  2 giant cockroaches
  5 goblins
  7 hobgoblins
  6 jackals
  9 quokkas
  3 training dummies (D:4)
  4 ball pythons
  16 kobolds
  4 rats
254 creatures vanquished.

Vanquished Creatures (others)
  A two-headed ogre (D:11)
  A centaur simulacrum (D:11)
  2 bushes (D:11)
  A fungus (Lair:1)
  17 plants (Lair:1)
22 creatures vanquished.

Grand Total: 276 creatures vanquished

Table legend:
 A = Non-vault XP
 B = Vault XP
 C = Vault XP percentage of total XP
 D = Non-vault monster count
 E = Vault monster count
 F = Vault count percentage of total count
                 A         B        C        D         E       F
            +---------+---------+-------+---------+---------+-------
      Total |   19402 |    8234 |  29.8 |     206 |      48 |  18.9
            +---------+---------+-------+---------+---------+-------
        D:1 |      16 |       6 |  27.3 |       9 |       3 |  25.0
        D:2 |      50 |       0 |   0.0 |      21 |       0 |   0.0
        D:3 |      33 |       0 |   0.0 |      10 |       0 |   0.0
        D:4 |     365 |       6 |   1.6 |      16 |       3 |  15.8
        D:5 |     548 |     240 |  30.5 |      14 |       6 |  30.0
        D:6 |    1029 |     487 |  32.1 |      21 |       3 |  12.5
        D:7 |     915 |       0 |   0.0 |      16 |       0 |   0.0
        D:8 |    1007 |       0 |   0.0 |      22 |       0 |   0.0
        D:9 |     688 |       0 |   0.0 |       6 |       0 |   0.0
       D:10 |    2216 |     790 |  26.3 |      23 |       1 |   4.2
       D:11 |    6261 |    2934 |  31.9 |      21 |      26 |  55.3
     Lair:1 |    4043 |    3771 |  48.3 |      17 |       6 |  26.1
     Lair:2 |    2231 |       0 |   0.0 |      10 |       0 |   0.0
            +---------+---------+-------+---------+---------+-------

Illustrated notes

Table legend:
 A = Kills in this place as a percentage of kills in entire the game.
 B = Kills by you in this place as a percentage of kills by you in the entire game.
 C = Kills by friends in this place as a percentage of kills by friends in the entire game.
 D = Other kills in this place as a percentage of other kills in the entire game.
 E = Experience gained in this place as a percentage of experience gained in the entire game.
 F = Experience gained in this place divided by the number of levels of this place that you have seen.
                   A       B       C       D       E      F
               +-------+-------+-------+-------+-------+----------------------
         Total | 100.0 | 100.0 |   N/A |   N/A | 100.0 | 1974.0
       Dungeon |  87.0 |  87.0 |   N/A |   N/A |  63.7 | 1599.2
          Lair |  13.0 |  13.0 |   N/A |   N/A |  36.3 | 5022.5
               +-------+-------+-------+-------+-------+----------------------

Table legend: (Time is in decaauts)
 A = Elapsed time spent in this place.
 B = Non-inter-level travel time spent in this place.
 C = Inter-level travel time spent in this place.
 D = Time resting spent in this place.
 E = Time spent auto-exploring this place.
 F = Levels seen in this place.
 G = Mean time per level.
                   A        B        C        D        E       F      G
               +--------+--------+--------+--------+--------+-----+--------+
         Total |  14322 |  13833 |    489 |   1206 |  10944 |  14 | 1023.0 |
       Dungeon |  12350 |  11925 |    425 |   1031 |   9430 |  11 | 1122.7 |
        Temple |    237 |    195 |     42 |      0 |    176 |   1 |  237.0 |
          Lair |   1734 |   1713 |     21 |    175 |   1337 |   2 |  867.0 |
               +--------+--------+--------+--------+--------+-----+--------+

Top non-repeatable levels by time:
    D:11: 2273 daAuts
  Lair:1: 1544 daAuts
     D:7: 1343 daAuts
    D:10: 1302 daAuts
     D:5: 1278 daAuts
     D:1: 1155 daAuts
     D:8: 1022 daAuts
     D:6: 998 daAuts
     D:4: 844 daAuts
     D:3: 800 daAuts
     D:2: 672 daAuts
     D:9: 660 daAuts
  Temple: 237 daAuts
  Lair:2: 189 daAuts
